 Dungeon Crawl Stone Soup version 0.19-a0-1025-g778f431 (webtiles) character file.

18 mrath the Digger (level 2, -1/15 HPs)
             Began as a Gargoyle Earth Elementalist on July 28, 2016.
             Slain by a hobgoblin
             ... wielding a +0 club
              (6 damage)
             ... on level 1 of the Dungeon.
             The game lasted 00:04:35 (699 turns).

mrath the Digger (Gargoyle Earth Elementalist)       Turns: 699, Time: 00:04:35

Health: -1/15      AC:  4    Str: 11    XL:     2   Next: 70%
Magic:  1/5        EV: 12    Int: 15    God:
Gold:   18         SH:  0    Dex: 10    Spells: 1 memorised, 5 levels left

rFire  . . .     SeeInvis .     j - -2 whip (curse)
rCold  . . .     Gourm    .     c - +0 robe
rNeg   + . .     Faith    .     (no shield)
rPois  ∞         Spirit   .     (no helmet)
rElec  +         Dismiss  .     (no cloak)
rCorr  .         Reflect  .     (no gloves)
SustAt .         Harm     .     (no boots)
MR     .....                    (no amulet)
Stlth  ++........               (no ring)
                                (no ring)

@: not resistant to hostile enchantments, unstealthy
A: negative energy resistance 1, electricity resistance, unbreathing,
petrification resistance, rot immunity, AC +2
a: no special abilities


You were on level 1 of the Dungeon.
You were not hungry.

You visited 1 branch of the dungeon, and saw 1 of its levels.

You collected 18 gold pieces.

Inventory:

Hand Weapons
 f - a +0 club
 j - a cursed -2 whip (weapon)
Missiles
 b - 21 stones (quivered)
Armour
 c - a +0 robe (worn)
Potions
 g - a potion of flight {unknown}
Books
 e - a book of Geomancy

   Spells                             Type                      Level
   a - Sandblast                      Earth                        1
   b - Passwall                       Transmutation/Earth          2
   c - Stone Arrow                    Conjuration/Earth            3
   d - Petrify                        Transmutation/Earth          4
   e - Lee's Rapid Deconstruction     Earth                        5
Comestibles
 a - 2 fruits
 d - a bread ration


   Skills:
 - Level 1.5 Dodging
 - Level 2.1 Stealth
 * Level 2.6 Spellcasting
   Level 0.7 Transmutations
 + Level 4.1 Earth Magic


You had 5 spell levels left.
You knew the following spells:

 Your Spells              Type           Power        Failure   Level  Hunger
a - Sandblast             Erth           ##....       4%          1    #......


Dungeon Overview and Level Annotations

Branches:
Dungeon (1/15)

Altars:


Innate Abilities, Weirdness & Mutations

You are resistant to torment.
Your stone body is resilient. (AC +2)
You are immune to poison.
You resist negative energy. (rN+)
You are resistant to electric shocks. (rElec)
You can survive without breathing.
You are immune to petrification.
You are immune to rotting.


Message History

The gnoll hits you with an enchanted whip.
Casting: Sandblast
Confirm with . or Enter, or press ? or * to list all spells.
Aiming: Sandblast
Press: ? - help, Shift-Dir - straight line, f/p - gnoll
Aim: a gnoll, wielding an enchanted whip (lightly wounded)
The blast of sand hits the gnoll.
The gnoll is moderately wounded.
The gnoll misses you.
Casting: Sandblast
Confirm with . or Enter, or press ? or * to list all spells.
Aiming: Sandblast
Press: ? - help, Shift-Dir - straight line, f/p - gnoll
Aim: a gnoll, wielding an enchanted whip (moderately wounded)
The blast of sand hits the gnoll.
The gnoll is almost dead.
The gnoll misses you.
The hobgoblin hits you but does no damage.
The hobgoblin hits you with a club.
You die...

.....g....#.###.........##.......
....##.##............#..#..#.....
#..# #.####.#.............#######
.....#...............#.#..######
...............................#
>###.#......#....###...........#
. #.........###..##...........#
####.......gg..##.#.........#
.#......gr.@..............#
.....................[....#
.......P...P.##..##........#
....##............#####....###
#####.....<..........####...#.
#...............##.###......
#...#.P...P......"..........
...................##.......
#...########.......##.......


You could see a gnoll, 2 hobgoblins and a rat.

Vanquished Creatures
  2 dart slugs (D:1)
  2 giant geckos (D:1)
  2 giant cockroaches (D:1)
  2 goblins (D:1)
  A hobgoblin (D:1)
  A giant newt (D:1)
  A kobold (D:1)
  A rat (D:1)
12 creatures vanquished.

Notes
Turn   | Place    | Note
-------+----------+-------------------------------------------
     0 | D:1      | mrath the Gargoyle Earth Elementalist began the quest for the Orb.
     0 | D:1      | Reached XP level 1. HP: 10/10 MP: 3/3
   313 | D:1      | Reached XP level 2. HP: 15/15 MP: 1/5
   314 | D:1      | Reached skill level 4 in Earth Magic
   699 | D:1      | Slain by a hobgoblin

Vault maps used:
D:1:      dpeg_arrival_orchard, serial_glass, glass_columns_b, glass_columns_a

Skill      XL: |  1  2 |
---------------+-------+-----
Earth Magic    | 4 |  4.1
Dodging        | |  1.5
Stealth        | |  2.1
Spellcasting   | |  2.6
Transmutations | |  0.7

Action                   || total
-------------------------++-------
Melee: Whip              ||    10
 Cast: Sandblast         ||    28
  Use: Scroll            ||     2
Armor: Robe              ||     7
Dodge: Dodged            ||    17
